Construct Section Command Post
Selects Indian Artillery Battlegroup
Selects Towed ML 4.2-inch Heavy Mortar
Towed ML 4.2-inch Heavy Mortar
Construct Platoon Command Post
6-pounder Anti-tank Gun Team
Selects Gurkha Rifles Section
Construct Company Command Post
Unlock Towed 17-pounder Anti-tank Guns
Selects Volunteer Infantry
17-pounder Anti-tank Gun Team
Selects Off-map Airburst Barrage
17-pounder Anti-tank Gun Team
Selects BL5.5 Artillery Emplacement
17-pounder Anti-tank Gun Team